MLB
BALTIMORE ORIOLES @ DETROIT TIGERS
04/17/2018
 
TOP OF THE 1ST
Baltimore Orioles batting - Pitching for Detroit Tigers : LHP Rich Hill
Pitching: LHP Rich Hill
Batting: SHB Dexter Fowler 0-0: Foul Ball, location: 2F
0-1: Bunt - Flyout! F1
Batting: RHB Albert Almora 0-0: Ball
1-0: Ball
2-0: Ground out 1-3 (Groundball, 15)
Batting: LHB Rafael Devers 0-0: Ball
1-0: Called Strike
1-1: Ball
2-1: Fly out, F8 (Flyball, 8RM)
Top of the 1st over - 0 runs, 0 hits, 0 errors, 0 left on base; Baltimore 0 - Detroit 0
BOTTOM OF THE 1ST
Detroit Tigers batting - Pitching for Baltimore Orioles : RHP Chance Adams
Pitching: RHP Chance Adams
Batting: RHB Jean Segura 0-0: Ball
1-0: Bunt missed!
1-1: DOUBLE (Line Drive, 7D)
Batting: RHB Starling Marte 0-0: Called Strike
Jean Segura steals 3rd base
0-1: Ball
1-1: Ground out 4-3 (Groundball, 4)
Jean Segura scores
Batting: RHB George Springer 0-0: Called Strike
0-1: Foul Ball, location: 2F
0-2: Strikes out looking
Batting: RHB Khris Davis 0-0: Called Strike
0-1: Ball
1-1: Foul Ball, location: 2F
1-2: Fly out, F4 (Popup, 4D)
Bottom of the 1st over - 1 run, 1 hit, 0 errors, 0 left on base; Baltimore 0 - Detroit 1
TOP OF THE 2ND
Baltimore Orioles batting - Pitching for Detroit Tigers : LHP Rich Hill
Batting: RHB Jose Abreu 0-0: Called Strike
0-1: Swinging Strike
0-2: Foul Ball, location: 2F
0-2: Ball
1-2: Ball
2-2: Strikes out swinging
Batting: LHB Nomar Mazara 0-0: Swinging Strike
0-1: Ball
1-1: Ball
2-1: Swinging Strike
2-2: Strikes out swinging
Batting: SHB Chase Headley 0-0: Ball
1-0: Called Strike
1-1: Foul Ball, location: 2F
1-2: Strikes out swinging
Top of the 2nd over - 0 runs, 0 hits, 0 errors, 0 left on base; Baltimore 0 - Detroit 1
BOTTOM OF THE 2ND
Detroit Tigers batting - Pitching for Baltimore Orioles : RHP Chance Adams
Batting: RHB Aaron Altherr 0-0: Called Strike
0-1: Ball
1-1: Called Strike
1-2: DOUBLE (Flyball, 78XD)
Batting: RHB J.T. Realmuto 0-0: Ball
1-0: SINGLE (Line Drive, 7S)
Aaron Altherr to third
Batting: LHB Pedro Alvarez 0-0: Called Strike
0-1: Foul Ball, location: 2F
0-2: Ball
1-2: Ball
2-2: Ball
3-2: Base on Balls
J.T. Realmuto to second
Batting: LHB Kolten Wong 0-0: Fly out, F8 (Line Drive, 8LD)
Runner from 3rd tags up, SCORES, throw made
Batting: RHB J.D. Davis 0-0: Called Strike
0-1: Foul Ball, location: 2F
0-2: Fly out, F8 (Flyball, 78XD)
Runner from 2nd tags up, SAFE at 3rd, no throw
Batting: RHB Jean Segura 0-0: Ball
1-0: Ball
2-0: Ball
3-0: Called Strike
3-1: Ground out 4-3 (Groundball, 4)
Bottom of the 2nd over - 1 run, 2 hits, 0 errors, 2 left on base; Baltimore 0 - Detroit 2
TOP OF THE 3RD
Baltimore Orioles batting - Pitching for Detroit Tigers : LHP Rich Hill
Batting: RHB Austin Barnes 0-0: Called Strike
0-1: Foul Ball, location: 2F
0-2: SINGLE (Line Drive, 4MD)
Batting: RHB Orlando Arcia 0-0: Foul Ball, location: 2F
0-1: Ball
1-1: Called Strike
1-2: Ball
2-2: Strikes out swinging
Batting: SHB Jorge Polanco 0-0: Ball
1-0: Ball
2-0: Ball
3-0: Called Strike
3-1: Swinging Strike
3-2: Strikes out swinging
Batting: SHB Dexter Fowler 0-0: Called Strike
0-1: Swinging Strike
0-2: Ball
1-2: Foul Ball, location: 2F
1-2: Ball
2-2: Ball
3-2: SINGLE (Flyball, 9S)
Austin Barnes to second
Austin Barnes to third
Batting: RHB Albert Almora 0-0: Called Strike
0-1: Ground out 5-3 (Groundball, 56S)
Top of the 3rd over - 0 runs, 2 hits, 0 errors, 2 left on base; Baltimore 0 - Detroit 2
BOTTOM OF THE 3RD
Detroit Tigers batting - Pitching for Baltimore Orioles : RHP Chance Adams
Batting: RHB Starling Marte 0-0: Ground out 5-3 (Groundball, 56S)
Batting: RHB George Springer 0-0: Ball
1-0: SINGLE (Line Drive, 78S)
Batting: RHB Khris Davis 0-0: Called Strike
0-1: Called Strike
0-2: Strikes out looking
Batting: RHB Aaron Altherr 0-0: Called Strike
0-1: DOUBLE (Line Drive, 8RXD)
George Springer to third
Runner from 3rd tries for Home, SAFE, throw made home
Batting: RHB J.T. Realmuto 0-0: Ball
1-0: Ball
2-0: Ground out 6-3 (Groundball, 6)
Bottom of the 3rd over - 1 run, 2 hits, 0 errors, 1 left on base; Baltimore 0 - Detroit 3
TOP OF THE 4TH
Baltimore Orioles batting - Pitching for Detroit Tigers : LHP Rich Hill
Batting: LHB Rafael Devers 0-0: Ball
1-0: Called Strike
1-1: Foul Ball, location: 2F
1-2: Strikes out swinging
Batting: RHB Jose Abreu 0-0: Foul Ball, location: 2F
0-1: Ball
1-1: Foul Ball, location: 2F
1-2: Foul Ball, location: 2F
1-2: Ball
2-2: Strikes out swinging
Batting: LHB Nomar Mazara 0-0: Ball
1-0: Foul Ball, location: 2F
1-1: Ball
2-1: Ball
3-1: Called Strike
3-2: Fly out, F8 (Flyball, 8LS)
Top of the 4th over - 0 runs, 0 hits, 0 errors, 0 left on base; Baltimore 0 - Detroit 3
BOTTOM OF THE 4TH
Detroit Tigers batting - Pitching for Baltimore Orioles : RHP Chance Adams
Batting: LHB Pedro Alvarez 0-0: Ball
1-0: Ball
2-0: Ball
3-0: Called Strike
3-1: Base on Balls
Batting: LHB Kolten Wong 0-0: Foul Ball, location: 2F
0-1: Foul Ball, location: 2F
0-2: Ball
1-2: Ball
2-2: Ball
3-2: Base on Balls
Pedro Alvarez to second
Batting: RHB J.D. Davis 0-0: Ball
1-0: Called Strike
1-1: Ball
2-1: Called Strike
2-2: Fielders Choice at 2nd, 1-6 (Groundball, P)
Pedro Alvarez to third
Batting: RHB Jean Segura 0-0: Ball
1-0: Swinging Strike
1-1: Ball
2-1: Fly out, F7 (Line Drive, 7)
Runner from 3rd tags up, SCORES, throw made
Batting: RHB Starling Marte 0-0: Ball
1-0: Foul Ball, location: 2F
1-1: Ball
2-1: Called Strike
2-2: Ground out 4-3 (Groundball, 34)
Bottom of the 4th over - 1 run, 0 hits, 0 errors, 1 left on base; Baltimore 0 - Detroit 4
TOP OF THE 5TH
Baltimore Orioles batting - Pitching for Detroit Tigers : LHP Rich Hill
Batting: SHB Chase Headley 0-0: Called Strike
0-1: Ball
1-1: Swinging Strike
1-2: Ball
2-2: Ground out 1-3 (Groundball, 13S)
Batting: RHB Austin Barnes 0-0: Swinging Strike
0-1: Ball
1-1: Foul Ball, location: 2F
1-2: Foul Ball, location: 2F
1-2: Ball
2-2: Ball
3-2: Base on Balls
Batting: RHB Orlando Arcia 0-0: Called Strike
Austin Barnes steals 2nd base
0-1: Ground out 5-3 (Groundball, 56)
Batting: SHB Jorge Polanco 0-0: Ball
1-0: Ball
2-0: Called Strike
2-1: Swinging Strike
2-2: Foul Ball, location: 2F
2-2: Strikes out swinging, 2-3 out at first.
Top of the 5th over - 0 runs, 0 hits, 0 errors, 1 left on base; Baltimore 0 - Detroit 4
BOTTOM OF THE 5TH
Detroit Tigers batting - Pitching for Baltimore Orioles : RHP Chance Adams
Batting: RHB George Springer 0-0: Ball
1-0: Foul Ball, location: 2F
1-1: Ball
2-1: Foul Ball, location: 2F
2-2: Strikes out swinging
Batting: RHB Khris Davis 0-0: Foul Ball, location: 2F
0-1: Ball
1-1: Ball
2-1: Called Strike
2-2: DOUBLE (Flyball, 8LXD)
Batting: RHB Aaron Altherr 0-0: Foul Ball, location: 2F
0-1: Called Strike
0-2: Ball
1-2: Foul Ball, location: 2F
1-2: Foul Ball, location: 2F
1-2: Ball
2-2: Foul Ball, location: 2F
2-2: Ball
3-2: Fly out, F7 (Line Drive, 7)
Pitching: LHP Adalberto Mejia
Batting: RHB J.T. Realmuto 0-0: Called Strike
0-1: Ball
1-1: Called Strike
1-2: Ball
Passed Ball!
Khris Davis to third
2-2: Fly out, F7 (Line Drive, 7)
Bottom of the 5th over - 0 runs, 1 hit, 0 errors, 1 left on base; Baltimore 0 - Detroit 4
TOP OF THE 6TH
Baltimore Orioles batting - Pitching for Detroit Tigers : LHP Rich Hill
Batting: SHB Dexter Fowler 0-0: Ball
1-0: Ball
2-0: SINGLE (Groundball, 6MD)
Batting: RHB Albert Almora 0-0: Foul Ball, location: 2F
0-1: Ground out U3 (Groundball, 3S)
Dexter Fowler to second
Batting: LHB Rafael Devers 0-0: Ball
1-0: Called Strike
1-1: Swinging Strike
1-2: Strikes out swinging
Batting: RHB Jose Abreu 0-0: Called Strike
0-1: Foul Ball, location: 2F
0-2: Ball
1-2: Ball
2-2: SINGLE (Line Drive, 6D)
Dexter Fowler to third
Runner from 3rd tries for Home, SAFE, throw made home
Pitching: RHP Hector Neris
Batting: LHB Nomar Mazara 0-0: Ball
1-0: Foul Ball, location: 2F
1-1: Called Strike
1-2: Foul Ball, location: 2F
1-2: Strikes out swinging
Top of the 6th over - 1 run, 2 hits, 0 errors, 1 left on base; Baltimore 1 - Detroit 4
BOTTOM OF THE 6TH
Detroit Tigers batting - Pitching for Baltimore Orioles : LHP Adalberto Mejia
Batting: LHB Pedro Alvarez 0-0: Fly out, F8 (Flyball, 89S)
Batting: LHB Kolten Wong 0-0: Called Strike
0-1: Foul Ball, location: 2F
0-2: Foul Ball, location: 2F
0-2: Ball
1-2: Foul Ball, location: 2F
1-2: Fly out, F4 (Flyball, 34D)
Batting: RHB J.D. Davis 0-0: Swinging Strike
0-1: Ground out 5-3 (Groundball, 56)
Bottom of the 6th over - 0 runs, 0 hits, 0 errors, 0 left on base; Baltimore 1 - Detroit 4
TOP OF THE 7TH
Baltimore Orioles batting - Pitching for Detroit Tigers : RHP Hector Neris
Batting: SHB Chase Headley 0-0: Ball
1-0: Fly out, F9 (Flyball, 9S)
Batting: RHB Austin Barnes 0-0: Called Strike
0-1: Foul Ball, location: 2F
0-2: Strikes out swinging, 2-3 out at first.
Batting: RHB Orlando Arcia 0-0: Ball
1-0: Ball
2-0: Ball
3-0: Called Strike
3-1: Foul Ball, location: 2F
3-2: Ground out 1-3 (Groundball, 34S)
Top of the 7th over - 0 runs, 0 hits, 0 errors, 0 left on base; Baltimore 1 - Detroit 4
BOTTOM OF THE 7TH
Detroit Tigers batting - Pitching for Baltimore Orioles : LHP Adalberto Mejia
Pitching: RHP Jimmie Sherfy
Batting: RHB Jean Segura 0-0: Called Strike
0-1: Foul Ball, location: 2F
0-2: Ball
1-2: Strikes out swinging
Batting: RHB Starling Marte 0-0: Swinging Strike
0-1: Swinging Strike
0-2: Ball
1-2: Strikes out swinging
Batting: RHB George Springer 0-0: Called Strike
0-1: Ball
1-1: Called Strike
1-2: Ball
2-2: Strikes out swinging
Bottom of the 7th over - 0 runs, 0 hits, 0 errors, 0 left on base; Baltimore 1 - Detroit 4
TOP OF THE 8TH
Baltimore Orioles batting - Pitching for Detroit Tigers : RHP Hector Neris
Pitching: RHP Pedro Baez
Batting: SHB Jorge Polanco 0-0: Ball
1-0: Fly out, F8 (Flyball, 8RD)
Batting: SHB Dexter Fowler 0-0: Called Strike
0-1: Called Strike
0-2: Strikes out swinging
Batting: RHB Albert Almora 0-0: Ball
1-0: Called Strike
1-1: Foul Ball, location: 2F
1-2: Strikes out swinging
Top of the 8th over - 0 runs, 0 hits, 0 errors, 0 left on base; Baltimore 1 - Detroit 4
BOTTOM OF THE 8TH
Detroit Tigers batting - Pitching for Baltimore Orioles : RHP Jimmie Sherfy
Batting: RHB Khris Davis 0-0: Called Strike
0-1: Ball
1-1: Foul Ball, location: 2F
1-2: Ball
2-2: Foul Ball, location: 2F
2-2: Strikes out swinging
Batting: RHB Aaron Altherr 0-0: Ball
1-0: Ground out 1-3 (Groundball, P)
Batting: RHB J.T. Realmuto 0-0: Called Strike
0-1: Ball
1-1: Called Strike
1-2: Ground out 5-3 (Groundball, 5)
Bottom of the 8th over - 0 runs, 0 hits, 0 errors, 0 left on base; Baltimore 1 - Detroit 4
TOP OF THE 9TH
Baltimore Orioles batting - Pitching for Detroit Tigers : RHP Pedro Baez
Pitching: LHP Zach Britton
Now at C: Elias Diaz
Now at 1B: Ryon Healy
Batting: LHB Rafael Devers 0-0: Fly out, F8 (Flyball, 8LM)
Batting: RHB Jose Abreu 0-0: Called Strike
0-1: Ball
1-1: Foul Ball, location: 2F
1-2: Ball
2-2: Strikes out swinging
Batting: LHB Nomar Mazara 0-0: Called Strike
0-1: Fly out, F7 (Flyball, 78M)
Top of the 9th over - 0 runs, 0 hits, 0 errors, 0 left on base; Baltimore 1 - Detroit 4
Thursday, June 7th, 2018 - OOTP Baseball 19.6 Build 53